 Dungeon Crawl Stone Soup version 0.29-a0-222-g5b244fca1f (webtiles) character file.

Game seed: 16651943403557319600

96 n8rtot the Skirmisher (level 4, -2/50 HPs)
             Began as an Ogre Berserker on Feb 27, 2022.
             Was a Believer of Trog.
             Slain by Pargi (8 damage)
             ... on level 3 of the Dungeon.
             The game lasted 00:11:56 (3422 turns).

n8rtot the Skirmisher (Ogre Berserker)              Turns: 3422, Time: 00:11:57

Health: -2/50      AC:  3    Str: 23    XL:     4   Next: 67%
Magic:  4/4        EV: 10    Int:  8    God:    Trog [**....]
Gold:   79         SH:  0    Dex:  8    Spells: 3/3 levels left

rFire   . . .      SeeInvis .   a - +0 hand axe
rCold   . . .      Faith    .   (no shield)
rNeg    . . .      Spirit   .   b - +0 animal skin
rPois   .          Reflect  .   (helmet restricted)
rElec   .          Harm     .   (no cloak)
rCorr   .          Rampage  .   (gloves unavailable)
Will    .....                   (boots unavailable)
Stlth   +.........              (no amulet)
HPRegen 0.16/turn               (no ring)
MPRegen 0.09/turn               (no ring)

@: no status effects
A: large, unfitting armour, tough skin 1
a: Renounce Religion, Berserk, Trog's Hand


You were on level 3 of the Dungeon.
You worshipped Trog.
Trog was pleased with you.
You visited 1 branch of the dungeon, and saw 3 of its levels.

You collected 79 gold pieces.

Inventory:

Hand Weapons
 a - a +0 hand axe (weapon)
 i - a +0 club
 u - a +1 trident of venom
Missiles
 k - 43 stones
 t - 7 poisoned darts
 v - 2 boomerangs of dispersal
Armour
 b - a +0 animal skin (worn)
 h - a +0 chain mail
 l - a +0 leather armour
Wands
 q - a wand of acid (9)
 s - a wand of iceblast (8)
Scrolls
 c - a scroll of noise {unknown}
 d - a scroll of enchant weapon {unknown}
 e - 2 scrolls of torment {unknown}
 g - a scroll of blinking {unknown}
 m - a scroll of vulnerability {unknown}
 n - a scroll of brand weapon {unknown}
 o - 2 scrolls of identify {unknown}
Potions
 f - a potion of flight {unknown}
 j - 2 potions of might {unknown}
 p - 2 potions of heal wounds {unknown}
 r - 3 potions of curing {unknown}


   Skills:
 + Level 5.1 Fighting
 + Level 3.9 Axes
 + Level 3.3 Dodging
 + Level 0.4 Stealth


You had 3 spell levels left.
You didn't know any spells.
Your spell library contained the following spells:

 Spells                   Type           Power      Damage    Failure   Level
 Summon Small Mammal      Summ           0%         N/A       41%         1
 Call Canine Familiar     Summ           0%         N/A       78%         3
 Portal Projectile        Hex/Tloc       0%         N/A       78%         3
 Summon Guardian Golem    Hex/Summ       0%         N/A       78%         3
 Tukima's Dance           Hex            0%         N/A       78%         3
 Passage of Golubria      Tloc           0%         N/A       99%         4
 Blade Hands              Tmut           0%         N/A       100%        5
 Excruciating Wounds      Necr           0%         N/A       100%        5
 Yara's Violent Unravell  Hex/Tmut       0%         3d3       100%        5


Dungeon Overview and Level Annotations

Branches:
Dungeon (3/15)

Altars:

Shops:
D:2 !

Annotations:
D:3 Pargi


Innate Abilities, Weirdness & Mutations

You are too large for most types of armour.
You have tough skin. (AC +1)


Message History

Pargi completely misses you. Pargi claws you.
Pargi claws you but does no damage. Pargi bites you. Pargi claws you. x2
You slash Pargi!
Pargi is heavily wounded.
Pargi bites you but does no damage. Pargi closely misses you. Pargi claws you.
You closely miss Pargi.
Pargi is heavily wounded.
Pargi bites you but does no damage. Pargi claws you.
Pargi claws you but does no damage.
You hit Pargi.
Pargi is heavily wounded.
Pargi bites you but does no damage. Pargi barely misses you. Pargi claws you.
You slash Pargi!
Pargi is severely wounded.
Pargi barely misses you. Pargi claws you. Pargi claws you but does no damage.
You hit Pargi.
Pargi is severely wounded.
Pargi bites you.
* * * LOW HITPOINT WARNING * * *
Pargi closely misses you. Pargi claws you but does no damage.
You barely miss Pargi.
Pargi is severely wounded.
Pargi bites you.
* * * LOW HITPOINT WARNING * * *
Pargi claws you but does no damage. Pargi claws you.
* * * LOW HITPOINT WARNING * * *
Pargi clenches his claws.
Pargi snarls, "My home!
Leave!"
An adder comes into view.
The adder bites you.
* * * LOW HITPOINT WARNING * * *
Pargi pleads, "Don't hit me!"
You closely miss the adder. You closely miss Pargi.
The adder barely misses you. Pargi bites you.
* * * LOW HITPOINT WARNING * * *
Pargi closely misses you. Pargi claws you but does no damage.
You hit the adder.
The adder is moderately wounded.
You barely miss Pargi. The adder bites you but does no damage. Pargi bites you!
You die...

♣♣.....♣♣
♣♣♣♣...♣♣#..#.
♣♣.....♣
♣♣♣..♣#....
♣...♣.♣
♣♣.♣#....
♣.♣♣♣.♣♣
♣....... ♣.♣
♣..♣♣ ♣♣♣#....
♣.♣ ♣♣..♣
#.).. ♣.♣
♣..♣♣ #.#..
♣♣.♣ ♣♣.T♣
#.#.. ♣..♣
♣.@♣ #.##.
♣.♣♣ ♣♣S♣
#.### ♣.♣♣ ♣..
#.### ♣..♣
♣..♣ #..##
♣♣.♣ ♣♣..
#.... ♣.♣♣ ...
#...< ♣♣.♣ ♣♣.
#.... ♣♣.♣ ♣♣
#.... ♣..♣
#....


You could see Pargi and an adder.

Vanquished Creatures
  2 adders (D:2)
  A worm (D:2)
  4 dart slugs (D:1)
  2 orcs (D:3)
  5 ball pythons
  5 bats
  7 endoplasms
  2 giant cockroaches
  3 goblins (D:1)
  11 hobgoblins
  6 quokkas
  4 frilled lizards
  5 kobolds
  4 rats
61 creatures vanquished.

Vanquished Creatures (others)
  8 plants (D:1)
8 creatures vanquished.

Grand Total: 69 creatures vanquished

Notes
Turn   | Place    | Note
-------+----------+-------------------------------------------
     0 | D:1      | n8rtot the Ogre Berserker began the quest for the Orb.
     0 | D:1      | Reached XP level 1. HP: 24/24 MP: 1/1
    26 | D:1      | Reached XP level 2. HP: 22/32 MP: 2/2
    91 | D:1      | Reached XP level 3. HP: 18/40 MP: 3/3
   313 | D:1      | Reached ** piety under Trog
  1395 | D:2      | Reached XP level 4. HP: 39/49 MP: 4/4
  1507 | D:2      | Found Pociaj's Distillery.
  1516 | D:2      | Reached skill level 5 in Fighting
  2102 | D:2      | Found a faded altar of an unknown god.
  3385 | D:3      | Noticed Pargi
  3422 | D:3      | Slain by Pargi

Illustrated notes

Levels and vault maps discovered:
D:1:      lightli_arrival_statuegarden, layout_rooms, minmay_surrounded
D:2:      layout_basic, serial_shops, shop, basic_ecumenical_altar
D:3:      kb_forest_paths, layout_rooms, uniq_pargi

Skill      XL: |  1  2  3  4 |
---------------+-------------+-----
Dodging        | 3 |  3.3
Fighting       | 5 |  5.1
Axes           | |  3.9
Stealth        | |  0.4

Action                   |  1- 3 |  4- 6 || total
-------------------------+-------+-------++-------
Melee: Hand axe          |   128 |    80 ||   208
       Punch             |     4 |       ||     4
Invok: Berserk           |       |     1 ||     1
       Trog's Hand       |       |     1 ||     1
Armor: Animal skin       |    32 |    24 ||    56
Dodge: Dodged            |    54 |    46 ||   100

Table legend: (Time is in decaauts)
 A = Elapsed time spent in this place.
 B = Non-inter-level travel time spent in this place.
 C = Inter-level travel time spent in this place.
 D = Time resting spent in this place.
 E = Time spent auto-exploring this place.
 F = Levels seen in this place.
 G = Mean time per level.
                   A        B        C        D        E       F      G
               +--------+--------+--------+--------+--------+-----+--------+
         Total |   3467 |   3467 |      0 |   1920 |      0 |   3 | 1155.7 |
       Dungeon |   3467 |   3467 |      0 |   1920 |      0 |   3 | 1155.7 |
               +--------+--------+--------+--------+--------+-----+--------+

Top non-repeatable levels by time:
     D:2: 1180 daAuts
     D:1: 1163 daAuts
     D:3: 1123 daAuts
